Mustangs vs Inferno
Created - April 28, 2020 at 19:01
Goals
|
| Mustangs |
1 |
1 |
1 |
0 |
3 |
4 |
| Inferno |
0 |
1 |
2 |
0 |
2 |
3 |
|
Shots
|
| Mustangs |
8 |
12 |
13 |
0 |
3 |
33 |
| Inferno |
8 |
7 |
8 |
0 |
3 |
23 |
|
1st period
1. Mustangs , Max Gortz 21 (Jim O'Brien 9) at 16:39
Penalties :
Esa Lindell (Anc) for Hooking (Minor) at 7:41
2nd period
2. Inferno , Anders Lee 46 (Jimmy Hayes 37, Peter Cehlarik 7) at 4:04
3. Mustangs , Stefan Matteau 42 (Andreas Martinsen 45, Tom Wilson 33) at 5:40
Penalties :
Tom Wilson (Ham) for Diving (Minor) at 9:00, Anders Lee (Anc) for Holding (Minor) at 19:30
3rd period
4. Inferno , Tanner Pearson 41 (Anders Lee 58) at 2:12
5. Inferno , Matt Kassian 15 (Esa Lindell 46, Bryan Rust 33) at 17:35
6. Mustangs , Jonathan Drouin 29 (Sean Monahan 52, Tom Wilson 34) at 19:22
Penalties :
Tom Wilson (Ham) for Interference (Minor) at 6:26, Mathieu Brodeur (Anc) for Holding (Minor) at 19:28
Overtime #1
No Goal
Penalties :
No Penalty
Shootout
Mustangs, Andreas Martinsen - Goal!
Inferno, Anders Lee - Goal!
Mustangs, Josh Jooris - Goal!
Inferno, Tanner Pearson - Goal!
Mustangs, Jim O'Brien - Goal!
Inferno, Jimmy Hayes - Stopped by Chet Pickard
Penalties :
No Penalty
Goalie Stats
Chet Pickard (Ham), 20 saves from 23 shots - (0.870), W, 36-18-4, 64:46 minutes
Christopher Gibson (Anc), 30 saves from 33 shots - (0.909), OTL, 24-18-4, 65:00 minutes
Players Stats for Mustangs
Player Name G A P +/- PIM S H SB GA TA FO MP PP MP PK MP
------------------------------------------------------------------------------------
Alexei Marchenko 0 0 0 1 0 3 3 1 1 0 0/0 27:51 1:31 2:12
Andreas Martinsen 0 1 1 -2 0 1 0 0 1 0 0/1 19:20 1:44 1:58
Andrew O'Brien 0 0 0 0 0 0 2 0 0 2 0/0 16:31 0:32 1:46
Chrstian Dvorak 0 0 0 1 0 1 0 0 0 0 0/0 11:10 0:12 0:00
Curtis Hamilton 0 0 0 0 0 1 1 1 0 0 1/1 11:06 0:46 1:13
Dakota Mermis 0 0 0 0 0 1 1 1 0 1 0/0 17:59 2:26 1:46
Damon Severson 0 0 0 -1 0 1 0 0 0 0 0/0 20:17 2:03 0:00
Danny Biega 0 0 0 -1 0 1 2 0 1 0 0/0 22:24 2:26 2:12
Iven Barbashev 0 0 0 0 0 0 0 1 0 0 0/1 7:56 0:06 0:00
Jim O'Brien 0 1 1 1 0 1 2 0 0 0 9/10 15:15 0:46 2:00
Jonathan Drouin 1 0 1 1 0 2 4 0 0 1 0/1 19:39 1:47 0:00
Josh Jooris 0 0 0 -2 0 3 4 0 0 0 0/1 17:52 1:44 1:17
Kurtis Gabriel 0 0 0 0 0 1 0 0 0 1 1/1 8:16 0:46 0:00
Max Gortz 1 0 1 1 0 1 0 2 0 1 0/0 11:16 0:12 0:00
Scott Mayfield 0 0 0 1 0 1 1 0 0 0 0/0 24:08 0:00 0:00
Sean Monahan 0 1 1 1 0 7 3 1 2 1 6/23 22:32 1:47 0:31
Stefan Matteau 1 0 1 -2 0 6 1 1 1 0 6/13 19:13 1:50 0:57
Tom Wilson 0 2 2 1 4 2 3 0 0 0 1/2 22:28 1:47 0:00
Players Stats for Inferno
Player Name G A P +/- PIM S H SB GA TA FO MP PP MP PK MP
------------------------------------------------------------------------------------
Anders Lee 1 1 2 1 2 2 2 0 1 0 11/27 22:22 2:03 1:15
Bryan Rust 0 1 1 1 0 2 0 1 0 1 2/2 16:34 0:00 2:48
Christian Folin 0 0 0 1 0 2 4 0 1 2 0/0 19:10 2:27 2:27
Colby Robak 0 0 0 -1 0 0 3 2 0 0 0/0 18:10 1:11 0:56
David Savard 0 0 0 -1 0 1 1 2 0 0 0/0 26:47 0:00 2:21
Esa Lindell 0 1 1 0 2 4 1 4 1 0 0/0 22:42 1:57 1:37
Frank Corrado 0 0 0 1 0 0 1 0 0 1 0/0 16:50 0:50 1:39
Jimmy Hayes 0 1 1 1 0 2 1 0 2 0 0/1 20:51 1:55 1:10
Kevin Labanc 0 0 0 0 0 1 2 0 0 1 0/0 15:24 1:57 0:00
Mathieu Brodeur 0 0 0 0 2 0 1 1 0 1 0/0 24:30 1:31 2:04
Matt Kassian 1 0 1 1 0 3 5 0 0 0 1/1 13:31 0:00 0:23
Matthew Nieto 0 0 0 0 0 1 4 0 1 0 1/1 15:59 1:55 0:57
Peter Cehlarik 0 1 1 -2 0 0 2 1 0 0 0/0 9:27 0:00 0:00
Philip Varone 0 0 0 0 0 0 2 1 0 0 8/12 16:07 0:00 2:55
Ryan Spooner 0 0 0 -2 0 2 1 0 1 0 1/1 9:39 0:00 0:25
Tanner Pearson 1 0 1 1 0 3 1 0 0 0 4/5 20:51 2:03 0:44
Tyler Shattock 0 0 0 -2 0 0 0 1 0 0 0/0 9:46 0:06 0:16
Victor Rask 0 0 0 1 0 0 0 0 0 0 2/4 15:20 1:55 0:23
3 Stars
1 - Jonathan Drouin (Ham)
2 - Matt Kassian (Anc)
3 - Anders Lee (Anc)
Power Play
Mustangs - 0 on 3 Attempt(s) - 0.00%
Inferno - 0 on 2 Attempt(s) - 0.00%
Penalty Kill
Mustangs - 2 on 2 Attempt(s) - 100.00%
- Score 0 goal in Penalty Kill
Inferno - 3 on 3 Attempt(s) - 100.00%
- Score 0 goal in Penalty Kill
Team Stat
Mustangs - Hits : 27 - Faceoff Wins : 24 - Blocked Shots : 8 - Penalty Minutes : 4
Inferno - Hits : 31 - Faceoff Wins : 30 - Blocked Shots : 13 - Penalty Minutes : 6
Official
Referees : Unknown
Linesman : Unknown
Game Notes
Colby Robak is injured at 5:24 of 3rd period (Right Knee)
Finance
Level 1 -- Attendance: 1370 (68.50%) -- Ticket Income $54,800
Level 2 -- Attendance: 715 (71.50%) -- Ticket Income $14,300
Total Attendance: 2085 (69.50%)
Total Ticket Income: $69,100
Other Income: $3,455
Total Income: $72,555
Mustangs
5 vs 5 Forward
Center Left Wing Right Wing Time % Phy DF OF
1 Sean Monahan Jonathan Drouin Tom Wilson 40 1 2 2
2 Stefan Matteau Andreas Martinsen Josh Jooris 30 1 2 2
3 Jim O'Brien Chrstian Dvorak Max Gortz 20 1 2 2
4 Iven Barbashev Curtis Hamilton Kurtis Gabriel 10 1 2 2
5 vs 5 Defense
Defense Defense Time % Phy DF OF
1 Alexei Marchenko Scott Mayfield 44 1 2 2
2 Danny Biega Damon Severson 33 1 2 2
3 Andrew O'Brien Dakota Mermis 23 1 2 2
4 Alexei Marchenko Scott Mayfield 0 1 2 2
PowerPlay Forward
Center Left Wing Right Wing Time % Phy DF OF
1 Sean Monahan Jonathan Drouin Tom Wilson 60 1 2 2
2 Stefan Matteau Andreas Martinsen Josh Jooris 40 1 2 2
PowerPlay Defense
Defense Defense Time % Phy DF OF
1 Alexei Marchenko Damon Severson 60 1 2 2
2 Danny Biega Dakota Mermis 40 1 2 2
Penalty Kill 4 Players Forward
Center Wing Time % Phy DF OF
1 Jim O'Brien Andreas Martinsen 60 1 2 2
2 Sean Monahan Josh Jooris 40 1 2 2
Penalty Kill 4 Players Defense
Defense Defense Time % Phy DF OF
1 Alexei Marchenko Danny Biega 60 1 2 2
2 Dakota Mermis Andrew O'Brien 40 1 2 2
Penalty Kill - 3 Players Forward
Forward Time % Phy DF OF
1 Jim O'Brien 60 1 2 2
2 Josh Jooris 40 1 2 2
Penalty Kill - 3 Players Defense
Defense Defense Time % Phy DF OF
1 Alexei Marchenko Danny Biega 60 1 2 2
2 Dakota Mermis Andrew O'Brien 40 1 2 2
4 vs 4 Forward
Center Wing Time % Phy DF OF
1 Sean Monahan Tom Wilson 60 1 2 2
2 Stefan Matteau Josh Jooris 40 1 2 2
4 vs 4 Defense
Defense Defense Time % Phy DF OF
1 Alexei Marchenko Scott Mayfield 60 1 2 2
2 Danny Biega Damon Severson 40 1 2 2
Last Minutes Offensive
Center Left Wing Right Wing Defense Defense
Sean Monahan Jonathan Drouin Tom Wilson Alexei Marchenko Scott Mayfield
Last Minutes Defensive
Center Left Wing Right Wing Defense Defense
Jim O'Brien Andreas Martinsen Josh Jooris Alexei Marchenko Scott Mayfield
Goaltenders
Starting : Chet Pickard
Backup : Anthony Stolarz
Extra Forwards
Normal : Sean Monahan, Jim O'Brien, Stefan Matteau - PP : Josh Jooris, Tom Wilson - PK : Josh Jooris
Extra Defensemen
Normal : Alexei Marchenko, Danny Biega, Dakota Mermis - PP : Alexei Marchenko - PK : Alexei Marchenko, Danny Biega
Penalty Shots
Andreas Martinsen, Josh Jooris, Jim O'Brien, Sean Monahan, Tom Wilson
Scratches
Ryan Graves (Healthy), Melker Karlsson (Left Wrist Injury), Matthew Finn (Healthy), Ben Harpur (Left Leg Injury), Raphael Bussieres (Healthy)
Sam Kurker (Healthy), Josh Ho-Sang (Healthy), Brett Pollock (Healthy), Steven Spinner (Healthy), Joacim Eriksson (Healthy)
Inferno
5 vs 5 Forward
Center Left Wing Right Wing Time % Phy DF OF
1 Anders Lee Tanner Pearson Jimmy Hayes 40 1 2 2
2 Philip Varone Matthew Nieto Kevin Labanc 30 1 2 2
3 Victor Rask Matt Kassian Bryan Rust 20 1 2 2
4 Ryan Spooner Peter Cehlarik Tyler Shattock 10 1 2 2
5 vs 5 Defense
Defense Defense Time % Phy DF OF
1 Colby Robak David Savard 40 1 2 2
2 Mathieu Brodeur Esa Lindell 30 1 2 2
3 Frank Corrado Christian Folin 20 1 2 2
4 Mathieu Brodeur David Savard 10 1 2 2
PowerPlay Forward
Center Left Wing Right Wing Time % Phy DF OF
1 Anders Lee Tanner Pearson Kevin Labanc 60 1 2 2
2 Victor Rask Matthew Nieto Jimmy Hayes 40 1 2 2
PowerPlay Defense
Defense Defense Time % Phy DF OF
1 Colby Robak Christian Folin 60 1 2 2
2 Mathieu Brodeur Esa Lindell 40 1 2 2
Penalty Kill 4 Players Forward
Center Wing Time % Phy DF OF
1 Philip Varone Bryan Rust 60 1 2 2
2 Victor Rask Matt Kassian 40 1 2 2
Penalty Kill 4 Players Defense
Defense Defense Time % Phy DF OF
1 Colby Robak David Savard 60 1 2 2
2 Mathieu Brodeur Esa Lindell 40 1 2 2
Penalty Kill - 3 Players Forward
Forward Time % Phy DF OF
1 Bryan Rust 60 1 2 2
2 Anders Lee 40 1 2 2
Penalty Kill - 3 Players Defense
Defense Defense Time % Phy DF OF
1 Colby Robak David Savard 60 1 2 2
2 Mathieu Brodeur Esa Lindell 40 1 2 2
4 vs 4 Forward
Center Wing Time % Phy DF OF
1 Anders Lee Tanner Pearson 60 1 2 2
2 Philip Varone Jimmy Hayes 40 1 2 2
4 vs 4 Defense
Defense Defense Time % Phy DF OF
1 Colby Robak David Savard 60 1 2 2
2 Mathieu Brodeur Esa Lindell 40 1 2 2
Last Minutes Offensive
Center Left Wing Right Wing Defense Defense
Anders Lee Tanner Pearson Jimmy Hayes Colby Robak David Savard
Last Minutes Defensive
Center Left Wing Right Wing Defense Defense
Anders Lee Tanner Pearson Jimmy Hayes Colby Robak David Savard
Goaltenders
Starting : Christopher Gibson
Backup : Michael Hutchinson
Extra Forwards
Normal : Jimmy Hayes, Kevin Labanc, Matthew Nieto - PP : Matthew Nieto, Kevin Labanc - PK : Jimmy Hayes
Extra Defensemen
Normal : Esa Lindell, Mathieu Brodeur, Christian Folin - PP : Esa Lindell - PK : Mathieu Brodeur, Christian Folin
Penalty Shots
Anders Lee, Tanner Pearson, Jimmy Hayes, Victor Rask, Kevin Labanc
Scratches
Chris Brown (Healthy), Trevor Carrick (Healthy), Petteri Lindbohm (Healthy), Eric Karlsson (Healthy), Barclay Goodrow (Healthy)
John Gilmour (Healthy), Vladimir Sobotka (Healthy), Ryan Donato (Healthy), Vladislav Kamenev (Healthy), Dominik Masin (Healthy)
Brandon Hickey (Healthy), Greg Pateryn (Healthy), Nathan Lieuwen (Healthy), Vitek Vanecek (Healthy)
% Time on Ice - Mustangs
Lines # - Real PCT - Wanted PCT - Time Play
Normal Forward
1 - 36% - 40% - 18:19
2 - 28% - 30% - 14:17
3 - 21% - 20% - 10:58
4 - 15% - 10% - 7:30
Normal Defense
1 - 42% - 44% - 21:23
2 - 34% - 33% - 17:24
3 - 24% - 23% - 12:17
4 - 0% - 0% - 0:00
PP Forward
1 - 40% - 60% - 1:47
2 - 60% - 40% - 2:42
PP Defense
1 - 46% - 60% - 2:03
2 - 54% - 40% - 2:26
PK Forward
1 - 87% - 60% - 3:27
2 - 13% - 40% - 0:31
PK Defense
1 - 55% - 60% - 2:12
2 - 45% - 40% - 1:46
PK3 Forward
1 - 0% - 60%
2 - 0% - 40%
PK3 Defense
1 - 0% - 60%
2 - 0% - 40%
44 Forward
1 - 87% - 60% - 4:21
2 - 13% - 40% - 0:39
44 Defense
1 - 57% - 60% - 2:52
2 - 43% - 40% - 2:08
Last Minute Offensive - 0:29
Last Minute Defensive - 0:00
Total
Forward - 65:00
Defense - 65:00
|
% Time on Ice - Inferno
Lines # - Real PCT - Wanted PCT - Time Play
Normal Forward
1 - 32% - 40% - 16:23
2 - 24% - 30% - 12:12
3 - 26% - 20% - 13:08
4 - 18% - 10% - 9:24
Normal Defense
1 - 46% - 40% - 23:27
2 - 27% - 30% - 13:33
3 - 22% - 20% - 11:09
4 - 6% - 10% - 2:58
PP Forward
1 - 52% - 60% - 2:03
2 - 48% - 40% - 1:55
PP Defense
1 - 62% - 60% - 2:27
2 - 38% - 40% - 1:31
PK Forward
1 - 91% - 60% - 4:06
2 - 9% - 40% - 0:23
PK Defense
1 - 30% - 60% - 1:22
2 - 70% - 40% - 3:07
PK3 Forward
1 - 77% - 60% - 1:08
2 - 23% - 40% - 0:20
PK3 Defense
1 - 67% - 60% - 0:59
2 - 33% - 40% - 0:29
44 Forward
1 - 93% - 60% - 3:17
2 - 7% - 40% - 0:15
44 Defense
1 - 85% - 60% - 3:01
2 - 15% - 40% - 0:31
Last Minute Offensive - 0:00
Last Minute Defensive - 0:26
Total
Forward - 65:00
Defense - 65:00
|
Play-by-Play
1st period
0:01 of 1st period - Sean Monahan wins face-off versus Anders Lee in neutral zone.
0:06 of 1st period - Tanner Pearson is hit by Alexei Marchenko and loses puck.
0:11 of 1st period - Wrist shot by Tom Wilson.
0:11 of 1st period - Stopped by Christopher Gibson without a rebound.
0:12 of 1st period - Philip Varone wins face-off versus Josh Jooris in Inferno zone.
1:24 of 1st period - Wrist shot by Anders Lee.
1:24 of 1st period - Stopped by Chet Pickard with a rebound.
1:46 of 1st period - Slapshot by Esa Lindell.
1:46 of 1st period - Deflect By Alexei Marchenko.
1:46 of 1st period - Stopped by Chet Pickard without a rebound.
1:47 of 1st period - Anders Lee wins face-off versus Jonathan Drouin in Mustangs zone.
2:12 of 1st period - Danny Biega is hit by Kevin Labanc and loses puck.
3:50 of 1st period - Slapshot by Christian Folin.
3:50 of 1st period - Stopped by Chet Pickard without a rebound.
3:51 of 1st period - Sean Monahan wins face-off versus Anders Lee in Mustangs zone.
4:30 of 1st period - David Savard is hit by Alexei Marchenko and loses puck.
4:39 of 1st period - Wrist shot by Sean Monahan.
4:39 of 1st period - Shot Hit the Post.
4:45 of 1st period - Alexei Marchenko is hit by David Savard and loses puck.
4:56 of 1st period - Colby Robak is hit by Scott Mayfield and loses puck.
5:44 of 1st period - Sean Monahan is hit by Colby Robak.
5:50 of 1st period - Colby Robak is hit by Sean Monahan and loses puck.
6:09 of 1st period - Scott Mayfield is hit by Colby Robak and loses puck.
6:22 of 1st period - Colby Robak is hit by Jonathan Drouin and loses puck.
7:11 of 1st period - Wrist shot by Bryan Rust.
7:11 of 1st period - Stopped by Chet Pickard with a rebound.
7:13 of 1st period - Snap shot by Matt Kassian.
7:13 of 1st period - Stopped by Chet Pickard without a rebound.
7:14 of 1st period - Anders Lee wins face-off versus Stefan Matteau in Mustangs zone.
7:15 of 1st period - Wrist shot by Tanner Pearson.
7:15 of 1st period - Shot Misses the Net.
7:17 of 1st period - Snap shot by Jimmy Hayes.
7:17 of 1st period - Shot Misses the Net.
7:41 of 1st period - Minor Penalty to Esa Lindell for Hooking.
7:42 of 1st period - Stefan Matteau wins face-off versus Philip Varone in Inferno zone.
8:51 of 1st period - Christian Folin is hit by Andrew O'Brien and loses puck.
9:30 of 1st period - Tanner Pearson is hit by Stefan Matteau and loses puck.
9:41 of 1st period - Penalty to Esa Lindell is over, Esa Lindell is back on ice.
10:56 of 1st period - Icing by Philip Varone.
10:57 of 1st period - Philip Varone wins face-off versus Jim O'Brien in Inferno zone.
12:35 of 1st period - Frank Corrado is hit by Josh Jooris and loses puck.
13:01 of 1st period - Max Gortz is hit by Ryan Spooner and loses puck.
13:21 of 1st period - Philip Varone is hit by Jonathan Drouin.
13:32 of 1st period - Off-side.
13:33 of 1st period - Anders Lee wins face-off versus Sean Monahan in neutral zone.
13:38 of 1st period - Slapshot by Esa Lindell.
13:38 of 1st period - Deflect By Tanner Pearson.
13:38 of 1st period - Shot Misses the Net.
13:38 of 1st period - Puck is out of play.
13:39 of 1st period - Sean Monahan wins face-off versus Anders Lee in Mustangs zone.
14:09 of 1st period - Snap shot by Josh Jooris.
14:09 of 1st period - Stopped by Christopher Gibson with a rebound.
14:11 of 1st period - Slapshot by Alexei Marchenko.
14:11 of 1st period - Shot Misses the Net.
14:13 of 1st period - Wrist shot by Andreas Martinsen.
14:13 of 1st period - Shot Blocked by Philip Varone.
14:44 of 1st period - Off-side.
14:45 of 1st period - Tanner Pearson wins face-off versus Iven Barbashev in neutral zone.
15:10 of 1st period - Dakota Mermis is hit by Matthew Nieto and loses puck.
15:19 of 1st period - Wrist shot by Kevin Labanc.
15:19 of 1st period - Stopped by Chet Pickard without a rebound.
15:20 of 1st period - Anders Lee wins face-off versus Sean Monahan in Mustangs zone.
15:25 of 1st period - Slapshot by Jimmy Hayes.
15:25 of 1st period - Stopped by Chet Pickard without a rebound.
15:26 of 1st period - Sean Monahan wins face-off versus Anders Lee in Mustangs zone.
15:42 of 1st period - Snap shot by Sean Monahan.
15:42 of 1st period - Stopped by Christopher Gibson without a rebound.
15:43 of 1st period - Matthew Nieto wins face-off versus Stefan Matteau in Inferno zone.
15:58 of 1st period - Wrist shot by Philip Varone.
15:58 of 1st period - Shot Misses the Net.
16:39 of 1st period - Backhand shot by Max Gortz.
16:39 of 1st period - Goal by Max Gortz - Mustangs : 1 - Inferno : 0.
16:40 of 1st period - Stefan Matteau wins face-off versus Anders Lee in neutral zone.
16:51 of 1st period - Slapshot by Stefan Matteau.
16:51 of 1st period - Shot Misses the Net.
16:53 of 1st period - Wrist shot by Stefan Matteau.
16:53 of 1st period - Stopped by Christopher Gibson with a rebound.
16:55 of 1st period - Snap shot by Josh Jooris.
16:55 of 1st period - Stopped by Christopher Gibson with a rebound.
17:05 of 1st period - Scott Mayfield is hit by Matthew Nieto and loses puck.
17:11 of 1st period - Off-side.
17:12 of 1st period - Philip Varone wins face-off versus Sean Monahan in neutral zone.
18:03 of 1st period - Wrist shot by Jimmy Hayes.
18:03 of 1st period - Shot Misses the Net.
18:05 of 1st period - Backhand shot by Jimmy Hayes.
18:05 of 1st period - Shot Misses the Net.
18:07 of 1st period - Wrist shot by Jimmy Hayes.
18:07 of 1st period - Shot Blocked by Alexei Marchenko.
18:09 of 1st period - Slapshot by Christian Folin.
18:09 of 1st period - Stopped by Chet Pickard with a rebound.
18:11 of 1st period - Snap shot by Tanner Pearson.
18:11 of 1st period - Shot Misses the Net.
18:46 of 1st period - Tom Wilson is hit by Colby Robak.
18:52 of 1st period - Scott Mayfield is hit by Matt Kassian and loses puck.
19:05 of 1st period - Slapshot by Alexei Marchenko.
19:05 of 1st period - Stopped by Christopher Gibson without a rebound.
19:06 of 1st period - Jim O'Brien wins face-off versus Anders Lee in Inferno zone.
19:09 of 1st period - Wrist shot by Max Gortz.
19:09 of 1st period - Deflect By Jim O'Brien.
19:09 of 1st period - Shot Misses the Net.
19:09 of 1st period - Puck is out of play.
19:10 of 1st period - Anders Lee wins face-off versus Tom Wilson in Inferno zone.
19:40 of 1st period - Slapshot by Stefan Matteau.
19:40 of 1st period - Stopped by Christopher Gibson without a rebound.
19:41 of 1st period - Philip Varone wins face-off versus Stefan Matteau in Inferno zone.
19:54 of 1st period - Wrist shot by Kevin Labanc.
19:54 of 1st period - Shot Blocked by Stefan Matteau.
19:56 of 1st period - Snap shot by Christian Folin.
19:56 of 1st period - Shot Hit the Post.
Goals for this period are 1 for Mustangs vs 0 for Inferno.
Shots for this period are 8 for Mustangs vs 8 for Inferno.
2nd period
0:01 of 2nd period - Anders Lee wins face-off versus Sean Monahan in neutral zone.
0:26 of 2nd period - Danny Biega is hit by Matthew Nieto and loses puck.
0:51 of 2nd period - Danny Biega is hit by Matt Kassian and loses puck.
1:06 of 2nd period - Snap shot by Kurtis Gabriel.
1:06 of 2nd period - Shot Misses the Net.
1:08 of 2nd period - Slapshot by Alexei Marchenko.
1:08 of 2nd period - Shot Blocked by Tyler Shattock.
1:10 of 2nd period - Wrist shot by Alexei Marchenko.
1:10 of 2nd period - Shot Misses the Net.
1:14 of 2nd period - Snap shot by Kurtis Gabriel.
1:14 of 2nd period - Stopped by Christopher Gibson with a rebound.
2:33 of 2nd period - Backhand shot by Dakota Mermis.
2:33 of 2nd period - Stopped by Christopher Gibson with a rebound.
2:43 of 2nd period - Wrist shot by Jonathan Drouin.
2:43 of 2nd period - Shot Hit the Post.
2:51 of 2nd period - Wrist shot by Jonathan Drouin.
2:51 of 2nd period - Deflect By Sean Monahan.
2:51 of 2nd period - Stopped by Christopher Gibson without a rebound.
2:52 of 2nd period - Anders Lee wins face-off versus Stefan Matteau in Inferno zone.
3:46 of 2nd period - Wrist shot by Ryan Spooner.
3:46 of 2nd period - Shot Misses the Net.
4:04 of 2nd period - Snap shot by Anders Lee.
4:04 of 2nd period - Goal by Anders Lee - Mustangs : 1 - Inferno : 1.
4:05 of 2nd period - Stefan Matteau wins face-off versus Anders Lee in neutral zone.
4:16 of 2nd period - Wrist shot by Josh Jooris.
4:16 of 2nd period - Shot Blocked by David Savard.
4:53 of 2nd period - Dakota Mermis is hit by Philip Varone and loses puck.
5:36 of 2nd period - Snap shot by Tom Wilson.
5:36 of 2nd period - Stopped by Christopher Gibson with a rebound.
5:38 of 2nd period - Snap shot by Andreas Martinsen.
5:38 of 2nd period - Shot Misses the Net.
5:40 of 2nd period - Snap shot by Stefan Matteau.
5:40 of 2nd period - Goal by Stefan Matteau - Mustangs : 2 - Inferno : 1.
5:41 of 2nd period - Anders Lee wins face-off versus Sean Monahan in neutral zone.
5:44 of 2nd period - Wrist shot by Tanner Pearson.
5:44 of 2nd period - Stopped by Chet Pickard without a rebound.
5:45 of 2nd period - Sean Monahan wins face-off versus Anders Lee in Mustangs zone.
5:50 of 2nd period - David Savard is hit by Tom Wilson and loses puck.
5:55 of 2nd period - Snap shot by Sean Monahan.
5:55 of 2nd period - Stopped by Christopher Gibson with a rebound.
5:57 of 2nd period - Slapshot by Alexei Marchenko.
5:57 of 2nd period - Deflect By Jonathan Drouin.
5:57 of 2nd period - Shot Misses the Net.
5:57 of 2nd period - Puck is out of play.
5:58 of 2nd period - Stefan Matteau wins face-off versus Anders Lee in Inferno zone.
5:59 of 2nd period - Wrist shot by Andreas Martinsen.
5:59 of 2nd period - Stopped by Christopher Gibson with a rebound.
6:09 of 2nd period - Slapshot by Esa Lindell.
6:09 of 2nd period - Stopped by Chet Pickard with a rebound.
6:25 of 2nd period - Sean Monahan is hit by Mathieu Brodeur and loses puck.
6:36 of 2nd period - Wrist shot by Matt Kassian.
6:36 of 2nd period - Stopped by Chet Pickard with a rebound.
6:38 of 2nd period - Slapshot by David Savard.
6:38 of 2nd period - Stopped by Chet Pickard without a rebound.
6:39 of 2nd period - Jim O'Brien wins face-off versus Anders Lee in Mustangs zone.
7:10 of 2nd period - Snap shot by Tom Wilson.
7:10 of 2nd period - Deflect By Sean Monahan.
7:10 of 2nd period - Shot Misses the Net.
7:10 of 2nd period - Puck is out of play.
7:11 of 2nd period - Philip Varone wins face-off versus Stefan Matteau in Inferno zone.
7:16 of 2nd period - Wrist shot by Josh Jooris.
7:16 of 2nd period - Shot Blocked by Mathieu Brodeur.
7:18 of 2nd period - Backhand shot by Josh Jooris.
7:18 of 2nd period - Shot Misses the Net.
7:24 of 2nd period - Wrist shot by Josh Jooris.
7:24 of 2nd period - Shot Blocked by Esa Lindell.
7:26 of 2nd period - Wrist shot by Andreas Martinsen.
7:26 of 2nd period - Shot Blocked by Esa Lindell.
7:36 of 2nd period - Tom Wilson is hit by Tanner Pearson and loses puck.
7:54 of 2nd period - Off-side.
7:55 of 2nd period - Jim O'Brien wins face-off versus Victor Rask in neutral zone.
9:00 of 2nd period - Minor Penalty to Tom Wilson for Diving.
9:01 of 2nd period - Jim O'Brien wins face-off versus Anders Lee in Mustangs zone.
9:39 of 2nd period - Dakota Mermis is hit by Matthew Nieto and loses puck.
11:00 of 2nd period - Penalty to Tom Wilson is over, Tom Wilson is back on ice.
11:10 of 2nd period - Slapshot by Jim O'Brien.
11:10 of 2nd period - Shot Blocked by Colby Robak.
11:16 of 2nd period - Jim O'Brien is hit by Christian Folin and loses puck.
12:10 of 2nd period - Wrist shot by Andreas Martinsen.
12:10 of 2nd period - Deflect By Josh Jooris.
12:10 of 2nd period - Shot Misses the Net.
12:10 of 2nd period - Puck is out of play.
12:11 of 2nd period - Tanner Pearson wins face-off versus Stefan Matteau in Inferno zone.
12:30 of 2nd period - Off-side.
12:31 of 2nd period - Ryan Spooner wins face-off versus Sean Monahan in neutral zone.
12:46 of 2nd period - Snap shot by Sean Monahan.
12:46 of 2nd period - Shot Misses the Net.
13:28 of 2nd period - Snap shot by Kevin Labanc.
13:28 of 2nd period - Shot Misses the Net.
13:40 of 2nd period - Snap shot by Josh Jooris.
13:40 of 2nd period - Deflect By Frank Corrado.
13:40 of 2nd period - Shot Blocked by Bryan Rust.
13:40 of 2nd period - Puck is out of play.
13:41 of 2nd period - Matt Kassian wins face-off versus Andreas Martinsen in Inferno zone.
13:41 of 2nd period - Matt Kassian is hit by Josh Jooris.
13:47 of 2nd period - Snap shot by Andreas Martinsen.
13:47 of 2nd period - Shot Blocked by Esa Lindell.
14:25 of 2nd period - Wrist shot by Stefan Matteau.
14:25 of 2nd period - Stopped by Christopher Gibson without a rebound.
14:26 of 2nd period - Anders Lee wins face-off versus Sean Monahan in Inferno zone.
14:26 of 2nd period - Anders Lee is hit by Tom Wilson.
15:07 of 2nd period - Ryan Spooner is hit by Jonathan Drouin and loses puck.
15:29 of 2nd period - Snap shot by Ryan Spooner.
15:29 of 2nd period - Stopped by Chet Pickard without a rebound.
15:30 of 2nd period - Stefan Matteau wins face-off versus Anders Lee in Mustangs zone.
15:57 of 2nd period - Jim O'Brien is hit by Philip Varone and loses puck.
16:18 of 2nd period - Scott Mayfield is hit by Frank Corrado and loses puck.
16:47 of 2nd period - Chrstian Dvorak is hit by Peter Cehlarik and loses puck.
16:54 of 2nd period - Snap shot by Ryan Spooner.
16:54 of 2nd period - Shot Blocked by Max Gortz.
16:56 of 2nd period - Slapshot by Esa Lindell.
16:56 of 2nd period - Shot Blocked by Max Gortz.
16:58 of 2nd period - Slapshot by Esa Lindell.
16:58 of 2nd period - Shot Misses the Net.
17:00 of 2nd period - Wrist shot by Ryan Spooner.
17:00 of 2nd period - Stopped by Chet Pickard with a rebound.
17:15 of 2nd period - Wrist shot by Curtis Hamilton.
17:15 of 2nd period - Shot Misses the Net.
17:37 of 2nd period - Josh Jooris is hit by Matt Kassian and loses puck.
17:48 of 2nd period - Josh Jooris is hit by Anders Lee and loses puck.
18:49 of 2nd period - Slapshot by Max Gortz.
18:49 of 2nd period - Shot Misses the Net.
18:51 of 2nd period - Slapshot by Damon Severson.
18:51 of 2nd period - Stopped by Christopher Gibson with a rebound.
18:53 of 2nd period - Slapshot by Danny Biega.
18:53 of 2nd period - Shot Misses the Net.
18:55 of 2nd period - Slapshot by Chrstian Dvorak.
18:55 of 2nd period - Stopped by Christopher Gibson with a rebound.
18:57 of 2nd period - Slapshot by Danny Biega.
18:57 of 2nd period - Shot Misses the Net.
19:30 of 2nd period - Minor Penalty to Anders Lee for Holding.
19:31 of 2nd period - Tom Wilson wins face-off versus Philip Varone in Inferno zone.
19:41 of 2nd period - Backhand shot by Sean Monahan.
19:41 of 2nd period - Stopped by Christopher Gibson without a rebound.
19:42 of 2nd period - Philip Varone wins face-off versus Sean Monahan in Inferno zone.
19:51 of 2nd period - Snap shot by Sean Monahan.
19:51 of 2nd period - Shot Misses the Net.
19:53 of 2nd period - Slapshot by Danny Biega.
19:53 of 2nd period - Stopped by Christopher Gibson with a rebound.
Goals for this period are 1 for Mustangs vs 1 for Inferno.
Shots for this period are 12 for Mustangs vs 7 for Inferno.
3rd period
0:01 of 3rd period - Bryan Rust wins face-off versus Sean Monahan in neutral zone.
0:06 of 3rd period - Snap shot by Philip Varone.
0:06 of 3rd period - Shot Hit the Post.
0:12 of 3rd period - Wrist shot by Jonathan Drouin.
0:12 of 3rd period - Shot Misses the Net.
0:14 of 3rd period - Snap shot by Jonathan Drouin.
0:14 of 3rd period - Stopped by Christopher Gibson without a rebound.
0:15 of 3rd period - Philip Varone wins face-off versus Sean Monahan in Inferno zone.
0:55 of 3rd period - Victor Rask is hit by Josh Jooris and loses puck.
1:08 of 3rd period - Dakota Mermis is hit by Esa Lindell.
1:30 of 3rd period - Penalty to Anders Lee is over, Anders Lee is back on ice.
1:47 of 3rd period - Christian Folin is hit by Danny Biega and loses puck.
1:58 of 3rd period - Slapshot by Christian Folin.
1:58 of 3rd period - Shot Blocked by Iven Barbashev.
2:00 of 3rd period - Snap shot by Peter Cehlarik.
2:00 of 3rd period - Shot Misses the Net.
2:02 of 3rd period - Snap shot by Ryan Spooner.
2:02 of 3rd period - Shot Misses the Net.
2:04 of 3rd period - Snap shot by Peter Cehlarik.
2:04 of 3rd period - Shot Blocked by Curtis Hamilton.
2:06 of 3rd period - Snap shot by Peter Cehlarik.
2:06 of 3rd period - Deflect By Tyler Shattock.
2:06 of 3rd period - Shot Misses the Net.
2:06 of 3rd period - Puck is out of play.
2:07 of 3rd period - Anders Lee wins face-off versus Stefan Matteau in Mustangs zone.
2:08 of 3rd period - Backhand shot by Tanner Pearson.
2:08 of 3rd period - Shot Misses the Net.
2:10 of 3rd period - Snap shot by Tanner Pearson.
2:10 of 3rd period - Stopped by Chet Pickard with a rebound.
2:12 of 3rd period - Snap shot by Tanner Pearson.
2:12 of 3rd period - Goal by Tanner Pearson - Mustangs : 2 - Inferno : 2.
2:13 of 3rd period - Anders Lee wins face-off versus Sean Monahan in neutral zone.
2:20 of 3rd period - Slapshot by Sean Monahan.
2:20 of 3rd period - Stopped by Christopher Gibson with a rebound.
2:22 of 3rd period - Wrist shot by Sean Monahan.
2:22 of 3rd period - Shot Misses the Net.
2:28 of 3rd period - Snap shot by Sean Monahan.
2:28 of 3rd period - Stopped by Christopher Gibson with a rebound.
3:36 of 3rd period - Snap shot by Jonathan Drouin.
3:36 of 3rd period - Shot Blocked by Colby Robak.
3:54 of 3rd period - Wrist shot by Alexei Marchenko.
3:54 of 3rd period - Stopped by Christopher Gibson without a rebound.
3:55 of 3rd period - Stefan Matteau wins face-off versus Philip Varone in Inferno zone.
4:00 of 3rd period - Wrist shot by Stefan Matteau.
4:00 of 3rd period - Stopped by Christopher Gibson with a rebound.
4:08 of 3rd period - Snap shot by Andreas Martinsen.
4:08 of 3rd period - Shot Misses the Net.
4:10 of 3rd period - Slapshot by Alexei Marchenko.
4:10 of 3rd period - Stopped by Christopher Gibson without a rebound.
4:11 of 3rd period - Tanner Pearson wins face-off versus Sean Monahan in Inferno zone.
5:03 of 3rd period - Snap shot by Philip Varone.
5:03 of 3rd period - Shot Blocked by Dakota Mermis.
5:23 of 3rd period - Colby Robak is hit by Sean Monahan and loses puck.
5:24 of 3rd period - Colby Robak from Inferno is injured at 5:24 of 3rd period (Right Knee).
5:25 of 3rd period - Tanner Pearson wins face-off versus Sean Monahan in Inferno zone.
5:36 of 3rd period - Wrist shot by Jimmy Hayes.
5:36 of 3rd period - Stopped by Chet Pickard with a rebound.
5:57 of 3rd period - Snap shot by Josh Jooris.
5:57 of 3rd period - Stopped by Christopher Gibson with a rebound.
5:59 of 3rd period - Wrist shot by Stefan Matteau.
5:59 of 3rd period - Shot Blocked by Esa Lindell.
6:19 of 3rd period - Snap shot by Bryan Rust.
6:19 of 3rd period - Stopped by Chet Pickard without a rebound.
6:20 of 3rd period - Victor Rask wins face-off versus Sean Monahan in Mustangs zone.
6:26 of 3rd period - Minor Penalty to Tom Wilson for Interference.
6:27 of 3rd period - Jim O'Brien wins face-off versus Anders Lee in Mustangs zone.
6:27 of 3rd period - Jim O'Brien is hit by Anders Lee.
6:42 of 3rd period - Slapshot by Esa Lindell.
6:42 of 3rd period - Stopped by Chet Pickard with a rebound.
7:18 of 3rd period - Dakota Mermis is hit by Kevin Labanc and loses puck.
8:26 of 3rd period - Penalty to Tom Wilson is over, Tom Wilson is back on ice.
8:31 of 3rd period - Snap shot by Stefan Matteau.
8:31 of 3rd period - Shot Misses the Net.
8:39 of 3rd period - Tom Wilson is hit by Peter Cehlarik and loses puck.
8:48 of 3rd period - Ryan Spooner is hit by Curtis Hamilton and loses puck.
8:57 of 3rd period - Wrist shot by Stefan Matteau.
8:57 of 3rd period - Shot Blocked by Peter Cehlarik.
8:59 of 3rd period - Snap shot by Andrew O'Brien.
8:59 of 3rd period - Deflect By Stefan Matteau.
8:59 of 3rd period - Stopped by Christopher Gibson without a rebound.
9:00 of 3rd period - Jim O'Brien wins face-off versus Victor Rask in Inferno zone.
9:21 of 3rd period - Tyler Shattock is hit by Alexei Marchenko.
10:05 of 3rd period - Snap shot by Jimmy Hayes.
10:05 of 3rd period - Shot Misses the Net.
10:19 of 3rd period - Scott Mayfield is hit by Matt Kassian and loses puck.
10:55 of 3rd period - Andreas Martinsen is hit by Christian Folin and loses puck.
11:33 of 3rd period - Icing by Jonathan Drouin.
11:34 of 3rd period - Victor Rask wins face-off versus Sean Monahan in Mustangs zone.
11:45 of 3rd period - Wrist shot by Matt Kassian.
11:45 of 3rd period - Shot Blocked by Sean Monahan.
11:59 of 3rd period - Curtis Hamilton is hit by Christian Folin and loses puck.
12:10 of 3rd period - Andrew O'Brien is hit by Jimmy Hayes and loses puck.
12:53 of 3rd period - Max Gortz is hit by Matt Kassian and loses puck.
13:53 of 3rd period - Snap shot by Matthew Nieto.
13:53 of 3rd period - Stopped by Chet Pickard with a rebound.
14:20 of 3rd period - Snap shot by Tyler Shattock.
14:20 of 3rd period - Shot Misses the Net.
14:26 of 3rd period - Ryan Spooner is hit by Danny Biega and loses puck.
14:44 of 3rd period - Bryan Rust is hit by Dakota Mermis and loses puck.
15:04 of 3rd period - Snap shot by Curtis Hamilton.
15:04 of 3rd period - Shot Misses the Net.
15:14 of 3rd period - Matthew Nieto is hit by Josh Jooris and loses puck.
15:38 of 3rd period - Frank Corrado is hit by Andrew O'Brien and loses puck.
15:47 of 3rd period - Tyler Shattock is hit by Jim O'Brien.
15:57 of 3rd period - Matt Kassian is hit by Jonathan Drouin and loses puck.
16:19 of 3rd period - Slapshot by Tom Wilson.
16:19 of 3rd period - Deflect By Iven Barbashev.
16:19 of 3rd period - Shot Misses the Net.
16:19 of 3rd period - Puck is out of play.
16:20 of 3rd period - Kurtis Gabriel wins face-off versus Philip Varone in Inferno zone.
16:29 of 3rd period - Snap shot by Curtis Hamilton.
16:29 of 3rd period - Stopped by Christopher Gibson with a rebound.
16:31 of 3rd period - Slapshot by Alexei Marchenko.
16:31 of 3rd period - Shot Blocked by David Savard.
16:33 of 3rd period - Slapshot by Scott Mayfield.
16:33 of 3rd period - Stopped by Christopher Gibson with a rebound.
16:35 of 3rd period - Slapshot by Scott Mayfield.
16:35 of 3rd period - Deflect By Curtis Hamilton.
16:35 of 3rd period - Shot Misses the Net.
16:35 of 3rd period - Puck is out of play.
16:36 of 3rd period - Jim O'Brien wins face-off versus Anders Lee in Inferno zone.
17:35 of 3rd period - Wrist shot by Matt Kassian.
17:35 of 3rd period - Goal by Matt Kassian - Mustangs : 2 - Inferno : 3.
17:36 of 3rd period - Jim O'Brien wins face-off versus Tanner Pearson in neutral zone.
17:39 of 3rd period - Wrist shot by Alexei Marchenko.
17:39 of 3rd period - Deflect By Jim O'Brien.
17:39 of 3rd period - Stopped by Christopher Gibson without a rebound.
17:40 of 3rd period - Jim O'Brien wins face-off versus Anders Lee in Inferno zone.
18:05 of 3rd period - Kevin Labanc is hit by Tom Wilson and loses puck.
19:00 of 3rd period - Slapshot by Esa Lindell.
19:00 of 3rd period - Stopped by Chet Pickard with a rebound.
19:08 of 3rd period - Mustangs, Chet Pickard is pulled from the net.
19:20 of 3rd period - Wrist shot by Jonathan Drouin.
19:20 of 3rd period - Shot Misses the Net.
19:22 of 3rd period - Slapshot by Jonathan Drouin.
19:22 of 3rd period - Goal by Jonathan Drouin - Mustangs : 3 - Inferno : 3.
19:22 of 3rd period - Chet Pickard from Mustangs was sent back in the game.
19:23 of 3rd period - Sean Monahan wins face-off versus Anders Lee in neutral zone.
19:28 of 3rd period - Minor Penalty to Mathieu Brodeur for Holding.
19:29 of 3rd period - Philip Varone wins face-off versus Sean Monahan in Inferno zone.
19:41 of 3rd period - Wrist shot by Sean Monahan.
19:41 of 3rd period - Stopped by Christopher Gibson with a rebound.
Goals for this period are 1 for Mustangs vs 2 for Inferno.
Shots for this period are 13 for Mustangs vs 8 for Inferno.
Overtime #1
0:01 of 1st overtime period - Bryan Rust wins face-off versus Sean Monahan in neutral zone.
0:06 of 1st overtime period - Backhand shot by Tom Wilson.
0:06 of 1st overtime period - Shot Misses the Net.
0:25 of 1st overtime period - Alexei Marchenko is hit by Christian Folin and loses puck.
1:28 of 1st overtime period - Penalty to Mathieu Brodeur is over, Mathieu Brodeur is back on ice.
1:33 of 1st overtime period - Esa Lindell is hit by Jim O'Brien and loses puck.
2:54 of 1st overtime period - David Savard is hit by Sean Monahan and loses puck.
3:08 of 1st overtime period - Icing by Dakota Mermis.
3:09 of 1st overtime period - Curtis Hamilton wins face-off versus Jimmy Hayes in Mustangs zone.
Goals for this period are 0 for Mustangs vs 0 for Inferno.
Shots for this period are 0 for Mustangs vs 0 for Inferno.
ShootOut
5:00 of 1st overtime period - Round #1.
5:00 of 1st overtime period - Mustangs, Andreas Martinsen.
5:00 of 1st overtime period - Snap shot by Andreas Martinsen.
5:00 of 1st overtime period - Goal by Andreas Martinsen.
5:00 of 1st overtime period - Inferno, Anders Lee.
5:00 of 1st overtime period - Snap shot by Anders Lee.
5:00 of 1st overtime period - Goal by Anders Lee.
5:00 of 1st overtime period - Round #2.
5:00 of 1st overtime period - Mustangs, Josh Jooris.
5:00 of 1st overtime period - Deke by Josh Jooris.
5:00 of 1st overtime period - Goal by Josh Jooris.
5:00 of 1st overtime period - Inferno, Tanner Pearson.
5:00 of 1st overtime period - Wrist shot by Tanner Pearson.
5:00 of 1st overtime period - Goal by Tanner Pearson.
5:00 of 1st overtime period - Round #3.
5:00 of 1st overtime period - Mustangs, Jim O'Brien.
5:00 of 1st overtime period - Deke by Jim O'Brien.
5:00 of 1st overtime period - Goal by Jim O'Brien.
5:00 of 1st overtime period - Inferno, Jimmy Hayes.
5:00 of 1st overtime period - Backhand shot by Jimmy Hayes.
5:00 of 1st overtime period - Stopped by Chet Pickard.
Back to the Top